 Dungeon Crawl Stone Soup version 0.28-a0-750-g7c675f85b1 (webtiles) character file.

Game seed: 4477012974181804339

9 ytrimaz the Skirmisher (level 2, 23/24 HPs)
             Began as a Demonspawn Fighter on Oct 29, 2021.
             Quit the game on level 1 of the Dungeon.
             The game lasted 00:00:56 (336 turns).

ytrimaz the Skirmisher (Demonspawn Fighter)          Turns: 336, Time: 00:00:56

Health: 23/24      AC:  6    Str: 16    XL:     2   Next: 3%
Magic:  2/2        EV:  9    Int:  9    God:
Gold:   16         SH:  8    Dex: 12    Spells: 1/1 levels left

rFire   . . .      SeeInvis .   a - +0 rapier
rCold   . . .      Faith    .   c - +0 buckler
rNeg    . . .      Spirit   .   b - +0 scale mail
rPois   .          Reflect  .   (no helmet)
rElec   .          Harm     .   (no cloak)
rCorr   .          Rampage  .   (no gloves)
Will    .....                   (no boots)
Stlth   ..........              (no amulet)
HPRegen 0.08/turn               (no ring)
MPRegen 0.08/turn               (no ring)

@: no status effects
A: condensation shield
a: no special abilities


You were on level 1 of the Dungeon.
You visited 1 branch of the dungeon, and saw 1 of its levels.

You collected 16 gold pieces.

Inventory:

Hand Weapons
 a - a +0 rapier (weapon)
Armour
 b - a +0 scale mail (worn)
 c - a +0 buckler (worn)
Scrolls
 e - a scroll of identify {unknown}
Potions
 d - a potion of might


   Skills:
 + Level 3.1 Fighting
 + Level 1.9 Short Blades
 + Level 2.9 Armour
 + Level 2.8 Shields


You had one spell level left.
You didn't know any spells.
Your spell library was empty.

Dungeon Overview and Level Annotations

Branches:
Dungeon (1/15)

Altars:


Innate Abilities, Weirdness & Mutations

A meltable shield of frost defends you. (SH +4)


Message History

You hit the goblin.
You kill the goblin!
You have reached level 2!
Your demonic ancestry asserts itself...
Frost condenses into a shield before you.
You see here a +0 club.
A bat and a rat come into view.
There are monsters nearby!
There are monsters nearby!
The bat barely misses you.
You hit the rat.
The rat is moderately wounded.
You block the bat's attack. x2; The rat bites you.
You barely miss the rat.
The rat is moderately wounded.
The bat hits you but does no damage. The rat bites you but does no damage.
You hit the rat.
You kill the rat!
The bat closely misses you.
Unknown command.
You block the bat's attack.
You see here a rat corpse.
You block the bat's attack. You block the bat's attack.
You see here a rat corpse.
You block the bat's attack. The bat hits you but does no damage.
You barely miss the bat. The bat hits you but does no damage.
You hit the bat but do no damage. You block the bat's attack.
The bat barely misses you.
You barely miss the bat. The bat hits you. You block the bat's attack.
A rat comes into view.
You block the bat's attack. You block the bat's attack.
The bat barely misses you. The bat hits you but does no damage.
You barely miss the bat. The bat hits you but does no damage.
You block the bat's attack. The bat hits you but does no damage.
Are you sure you want to abandon this character and quit the game? (Confirm with "yes".)

#. # ##. .#
..#######.###
#.#..........
#.#..........
#######........#.#
..................
#####r.@b....#.#
########........#.
.........†.........
######.#######.#..
#..# .# .
#######.## # #...#
#..# #...####.#
#........## ..


You could see a bat and a rat.

Vanquished Creatures
  2 giant cockroaches (D:1)
  A goblin (D:1)
  A hobgoblin (D:1)
  A frilled lizard (D:1)
  4 rats (D:1)
9 creatures vanquished.

Notes
Turn   | Place    | Note
-------+----------+-------------------------------------------
     0 | D:1      | ytrimaz the Demonspawn Fighter began the quest for the Orb.
     0 | D:1      | Reached XP level 1. HP: 18/18 MP: 1/1
   192 | D:1      | Gained mutation: A meltable shield of frost defends you.
                  | (SH +4) [demonic ancestry]
   192 | D:1      | Reached XP level 2. HP: 15/24 MP: 2/2
   336 | D:1      | Quit the game

Illustrated notes

Levels and vault maps discovered:
D:1:      dpeg_arrival_more_subterranean_lakeside_camping, layout_basic,
          ebering_ecumenical_altar_ruins

Action                   || total
-------------------------++-------
Melee: Rapier            ||    31
Armor: Scale mail        ||    14
Dodge: Dodged            ||    17
Block: Buckler           ||    17

Table legend: (Time is in decaauts)
 A = Elapsed time spent in this place.
 B = Non-inter-level travel time spent in this place.
 C = Inter-level travel time spent in this place.
 D = Time resting spent in this place.
 E = Time spent auto-exploring this place.
 F = Levels seen in this place.
 G = Mean time per level.
                   A        B        C        D        E       F      G
               +--------+--------+--------+--------+--------+-----+--------+
         Total |    340 |    340 |      0 |      0 |    266 |   1 |  340.0 |
       Dungeon |    340 |    340 |      0 |      0 |    266 |   1 |  340.0 |
               +--------+--------+--------+--------+--------+-----+--------+

Top non-repeatable levels by time:
     D:1: 340 daAuts
